 Dungeon Crawl Stone Soup version 0.21-a0-91-ga5031da (webtiles) character file.

70 grindst0ne the Changer (level 4, -2/28 HPs)
             Began as an Octopode Transmuter on June 29, 2017.
             Shot with an arrow by a centaur (16 damage)
             ... on level 3 of the Dungeon.
             The game lasted 00:09:48 (2490 turns).

grindst0ne the Changer (Octopode Transmuter)        Turns: 2490, Time: 00:09:49

Health: -2/28      AC:  1    Str: 14    XL:     4   Next: 22%
Magic:  2/7        EV: 14    Int: 16    God:
Gold:   40         SH:  0    Dex: 12    Spells: 1/7 levels left

rFire    . . .     SeeInvis .   i - +0 dagger (curse)
rCold    . . .     Gourm    .   (no shield)
rNeg     . . .     Faith    .   (helmet restricted)
rPois    .         Spirit   .   (no amulet)
rElec    .         Reflect  .   (no ring)
rCorr    .         Harm     .   (no ring)
MR       .....                  (no ring)
Stlth    ++........             (no ring)
HPRegen  0.09/turn              (no ring)
MPRegen  0.10/turn              (no ring)
                                (no ring)
                                (no ring)

@: mighty
A: almost no armour, stealthy swim, amphibious, 8 rings, constrict 8, camouflage
1, gelatinous body 1
a: no special abilities


You were on level 3 of the Dungeon.
You were hungry.

You visited 1 branch of the dungeon, and saw 3 of its levels.

You collected 40 gold pieces.

Inventory:

Hand Weapons
 i - a cursed +0 dagger (weapon)
 j - a +0 club
 o - a +0 short sword
Missiles
 a - 18 arrows
 f - 5 javelins (quivered)
Scrolls
 p - a scroll of enchant armour
Potions
 e - a potion of cancellation {unknown}
 g - 2 potions of might
 h - a potion of invisibility
 l - a potion of mutation
 m - a potion of flight {unknown}
 n - 2 potions of curing {unknown}
Books
 b - a book of Changes

   Spells                             Type                      Level
   a - Beastly Appendage              Transmutation                1
   b - Sticks to Snakes               Transmutation                2
   c - Spider Form                    Transmutation/Poison         3
   d - Ice Form                       Ice/Transmutation            4
   e - Blade Hands                    Transmutation                5
Comestibles
 c - 2 bread rations
 d - 2 royal jellies
 k - a chunk of flesh


   Skills:
 - Level 1.0 Fighting
 - Level 3.1 Dodging
 + Level 3.1 Unarmed Combat
 - Level 2.0 Spellcasting
 + Level 3.4 Transmutations


You had one spell level left.
You knew the following spells:

 Your Spells              Type           Power        Failure   Level  Hunger
a - Beastly Appendage     Tmut           ##....       4%          1    #......
b - Sticks to Snakes      Tmut           ##......     8%          2    ###....
c - Spider Form           Tmut/Pois      #.........   30%         3    ###....


Dungeon Overview and Level Annotations

Branches:
Dungeon (3/15)

Altars:
Okawaru
Ru


Innate Abilities, Weirdness & Mutations

You cannot wear most types of armour.
You are very stealthy in the water. (Stealth+)
You are amphibious.
You can wear up to eight rings at the same time.
You can use your tentacles to constrict eight enemies at once.
Your skin changes colour to match your surroundings (Stealth+).
Your rubbery body absorbs attacks. (AC +1, EV +1)


Message History

Okay, then.
Something hits your ball python.
Something barely misses your ball python.
Your ball python loses its grip on something.
You swap places.
The bat hits you.
Your ball python bites the bat.
Your ball python completely misses the bat.
The bat barely misses you.
You swap places.
The bat hits you but does no damage. The centaur barely misses you.
The adder barely misses your ball python.
You swap places.
The centaur barely misses your ball python.
The centaur shoots an arrow.
The arrow hits your ball python!
Your ball python dies!
You feel very mighty all of a sudden. The adder barely misses you.
Your ball python bites the adder.
Your ball python grabs the adder.
Your ball python constricts the adder.
The centaur shoots an arrow.
The arrow hits you!
Ouch! That really hurt!
You die...

#g.. ####
#########
#.......#
#.......#
#.......# #
#......c## ...
######(SS### #.
#@#.b[# #.#
#.###...########..
#.....%...........
#####.............
.............
.............
.............
.............
.............


You could see a centaur, an adder and a friendly ball python.

Vanquished Creatures
  2 adders
  An ooze (D:2)
  2 dart slugs
  2 leopard geckos (D:2)
  A ball python (D:2)
  A giant cockroach (D:2)
  7 goblins
  2 hobgoblins
  6 bats
  7 frilled lizards
  3 kobolds
  3 rats
37 creatures vanquished.

Vanquished Creatures (collateral kills)
  2 adders (D:3)
  2 giant cockroaches (D:2)
  2 hobgoblins
  A goblin (D:2)
7 creatures vanquished.

Grand Total: 44 creatures vanquished

Notes
Turn   | Place    | Note
-------+----------+-------------------------------------------
     0 | D:1      | grindst0ne the Octopode Transmuter began the quest for the Orb.
     0 | D:1      | Reached XP level 1. HP: 13/13 MP: 3/3
   552 | D:1      | Reached XP level 2. HP: 15/18 MP: 5/5
  1051 | D:1      | Learned a level 2 spell: Sticks to Snakes
  1351 | D:2      | Reached XP level 3. HP: 23/23 MP: 6/6
  1363 | D:2      | Learned a level 3 spell: Spider Form
  1804 | D:2      | Found a sacrificial altar of Ru.
  2121 | D:3      | Found an iron altar of Okawaru.
  2136 | D:3      | Reached XP level 4. HP: 24/28 MP: 1/7
  2477 | D:3      | Noticed a centaur
  2490 | D:3      | Shot with an arrow by a centaur

Vault maps used:
D:1:      mrwooster_arrival_arrow, minmay_tree_intersection, nrook_mini_vaults
D:2:      nicolae_ru_the_path_less_chosen
D:3:      overflow_temple_1_default, first_bread, okawaru_metal_pillars_1_2

Skill      XL: |  1  2  3 |
---------------+----------+-----
Transmutations | 3 |  3.4
Dodging        | 3 |  3.1
Fighting       | |  1.0
Unarmed Combat | |  3.1
Spellcasting   | |  2.0

Action                   |  1- 3 |  4- 6 || total
-------------------------+-------+-------++-------
Melee: Unarmed           |    27 |       ||    27
       Constrict         |    22 |     2 ||    24
       Punch             |     3 |       ||     3
       Tentacles         |    12 |       ||    12
       Dagger            |    62 |    10 ||    72
       Club              |     6 |       ||     6
 Cast: Sticks to Snakes  |    11 |     8 ||    19
  Use: Scroll            |     4 |     2 ||     6
       Potion            |       |     1 ||     1
 Stab: Sleeping          |     5 |       ||     5
  Eat: Chunk             |     5 |     1 ||     6
Armor: Skin              |     7 |     3 ||    10
Dodge: Dodged            |    77 |    23 ||   100
